 Dungeon Crawl Stone Soup version 0.29.0-11-gd7f09526c8 (webtiles) character file.

Game seed: 6403032485950067008

69 Tsarbomb the Chopper (level 4, 15/39 HPs)
             Began as a Hill Orc Cinder Acolyte on Sept 3, 2022.
             Was a High Priest of Ignis.
             Quit the game on level 2 of the Dungeon.
             The game lasted 00:06:48 (1747 turns).

Tsarbomb the Chopper (Hill Orc Cinder Acolyte)      Turns: 1747, Time: 00:06:49

Health: 15/39      AC: 10    Str: 18    XL:     4   Next: 20%
Magic:  5/5        EV: 11    Int: 14    God:    Ignis [*****.]
Gold:   133        SH:  0    Dex:  6    Spells: 4/5 levels left

rFire   + . .      SeeInvis .   a - -1 hand axe (flame)
rCold   . . .      Faith    .   (no shield)
rNeg    . . .      Spirit   .   b - +0 robe
rPois   .          Reflect  .   (no helmet)
rElec   .          Harm     .   e - +0 cloak
rCorr   .          Rampage  .   (no gloves)
Will    .....                   (no boots)
Stlth   +.........              (no amulet)
HPRegen 0.13/turn               (no ring)
MPRegen 0.09/turn               (no ring)

@: mildly poisoned (15 -> 12), fiery-armoured
A: no striking features
a: Renounce Religion, Fiery Armour, Foxfire Swarm, Rising Flame


You were on level 2 of the Dungeon.
You worshipped Ignis.
Ignis was extremely pleased with you.
You visited 1 branch of the dungeon, and saw 2 of its levels.

You collected 133 gold pieces.

Inventory:

Hand Weapons
 a - a -1 hand axe of flaming (weapon)
Armour
 b - a +0 robe (worn)
 e - a +0 cloak (worn)
Jewellery
 k - an amulet of reflection
 m - a ring of wizardry
 n - a ring of positive energy
Scrolls
 c - a scroll of enchant armour {unknown}
 d - a scroll of butterflies {unknown}
 g - a scroll of blinking {unknown}
 i - 2 scrolls of identify {unknown}
 p - a scroll of vulnerability {unknown}
Potions
 f - a potion of flight {unknown}
 h - a potion of berserk rage {unknown}
 j - a potion of invisibility {unknown}
 l - a potion of brilliance {unknown}
 o - a potion of resistance {unknown}


   Skills:
 - Level 3.6 Fighting
 + Level 6.2 Axes
 - Level 1.0 Spellcasting
 + Level 3.6 Fire Magic


You had 4 spell levels left.
You knew the following spells:

 Your Spells              Type           Power      Damage    Failure   Level
a - Foxfire               Conj/Fire      20%        2x1d5     12%         1

Your spell library contained the following spells:

 Spells                   Type           Power      Damage    Failure   Level
 Scorch                   Fire           20%        2d6       9%          2
 Sandblast                Erth           0%         2d4       26%         1
 Passwall                 Tmut/Erth      0%         N/A       36%         2
 Conjure Flame            Conj/Fire      5%         6-21      36%         3
 Inner Flame              Hex/Fire       5%         N/A       36%         3
 Stone Arrow              Conj/Erth      0%         3d7       61%         3
 Flame Wave               Conj/Fire      5%         2d5       77%         4


Dungeon Overview and Level Annotations

Branches:
Dungeon (2/15)

Altars:
Xom

Shops:
D:1 =[!((?


Message History

You hear an angry hiss.
The adder bites you.
You hit the adder but do no damage.
A giant cockroach comes into view.
The adder bites you.
You closely miss the adder. The adder barely misses you.
You closely miss the adder. You hit the kobold. You burn the kobold.
You kill the kobold!
The adder barely misses you. The adder bites you.
You are poisoned.
The adder poisons you!
You barely miss the adder.
You feel sick. The adder bites you but does no damage.
You closely miss the adder.
You feel sick. The adder bites you.
You closely miss the adder.
You feel sick. The adder barely misses you. The adder bites you.
You hit the adder. You burn the adder.
The adder is lightly wounded.
You hit the giant cockroach. You burn the giant cockroach.
You feel sick.
An adder comes into view.
The giant cockroach bites you. The adder bites you.
You barely miss the giant cockroach.
The giant cockroach is heavily wounded.
The adder hisses angrily.
You hit the adder but do no damage.
You feel sick.
You are no longer poisoned.
The giant cockroach bites you. The adder bites you.
You are poisoned.
The adder poisons you!
The giant cockroach bites you but does no damage.
A protective cloak of flame settles atop you.
You feel sick. The adder barely misses you.
The giant cockroach bites you but does no damage.
The giant cockroach is burned by your cloak of flames.
The giant cockroach is severely wounded.
You are too injured to fight recklessly!
You are too injured to fight recklessly!
You are too injured to fight recklessly!
Unknown command.
Are you sure you want to abandon this character and quit the game? (Confirm with "yes".)

.# #.#########..###.##.#.##.# #
.# #.##...# #...)..........####
## ##.##...####..##..##..........
####.÷.......##......####.#..####
#.÷..÷......<#.#.......##........
..8..........#######...####...#..
#....###...#..##⌠.⌠##...###......
##.### #...#.##..>..##....#.##...
#...## ##.####SB@....##...#.##...
..8..####.# #..S###...##..#.##...
#.........##⌠.⌠# ##⌠.⌠#....##...
##.##.#######.# ##'##.........
#.....# #.. #..†.######...
..8..## #. ####..#.###......
#....# . .........##.##(.. #....#
.# #.##.##........## ###### # #.
#.###.####


You could see 2 adders and a giant cockroach.

Vanquished Creatures
  2 adders (D:2)
  A dart slug (D:1)
  5 endoplasms
  2 giant cockroaches
  2 goblins
  3 hobgoblins
  8 jackals
  5 kobolds
  3 quokkas
  3 ball pythons
  2 bats (D:1)
  A frilled lizard (D:1)
  7 rats
44 creatures vanquished.

Vanquished Creatures (others)
  A foxfire (D:2)
1 creature vanquished.

Grand Total: 45 creatures vanquished

Notes
Turn   | Place    | Note
-------+----------+-------------------------------------------
     0 | D:1      | Tsarbomb the Hill Orc Cinder Acolyte began the quest for
                  | the Orb.
     0 | D:1      | Reached XP level 1. HP: 19/19 MP: 2/2
    34 | D:1      | Found Fuorist's Weapon Emporium.
   245 | D:1      | Found Ovuaclet's Magic Scroll Shop.
   254 | D:1      | Reached XP level 2. HP: 25/26 MP: 3/3
   511 | D:1      | Found Hiaption's Weapon Emporium.
   550 | D:1      | Found Lorece's Distillery.
   585 | D:1      | Found Veome's One-of-a-Kind Rings.
   591 | D:1      | Reached skill level 5 in Axes
   639 | D:1      | Learned a level 1 spell: Foxfire
   697 | D:1      | Found a faded altar of an unknown god.
   771 | D:1      | Found Helevutaph's Antique Armour Shop.
   830 | D:1      | Reached XP level 3. HP: 31/31 MP: 4/4
  1322 | D:2      | Reached skill level 6 in Axes
  1454 | D:2      | Reached XP level 4. HP: 37/39 MP: 5/5
  1500 | D:2      | Found a shimmering altar of Xom.
  1747 | D:2      | Quit the game

Illustrated notes

Levels and vault maps discovered:
D:1:      sevenhm_arrival_forest_fort_small_5, layout_basic,
          shapermc_ecumenical_altar_petra, serial_shops,
          nicolae_shop_behind_doors, shop_statue, shop, shop, shop,
          nicolae_shop_unique_rings, chequers_decorated_corner,
          serial_park_tiny_2, minmay_close_crescents
D:2:      layout_loops_ring, basic_altar, minmay_misc_feat_four_crosses,
          hex_large, grunt_ministairs_8

Skill      XL: |  1  2  3 |
---------------+----------+-----
Axes           | 5 6 |  6.2
Fighting       | |  3.6
Spellcasting   | |  1.0
Fire Magic     | |  3.6

Action                   |  1- 3 |  4- 6 || total
-------------------------+-------+-------++-------
Melee: Hand axe          |   103 |    21 ||   124
       Punch             |     1 |       ||     1
 Cast: Foxfire           |     1 |       ||     1
Invok: Fiery Armour      |     2 |     1 ||     3
Armor: Robe              |    35 |     6 ||    41
Dodge: Dodged            |    64 |    12 ||    76
